 Dungeon Crawl Stone Soup version 0.26.0-10-g1f06aea511 (console) character file.

Game seed: 1078891561505718478

51 doot the Caller (level 3, 0/19 HPs)
             Began as a Tengu Summoner on Feb 3, 2021.
             Succumbed to an adder's poison
             ... on level 2 of the Dungeon.
             The game lasted 00:03:13 (1135 turns).

doot the Caller (Tengu Summoner)                    Turns: 1135, Time: 00:03:13

Health: 0/19       AC:  2    Str:  8    XL:     3   Next: 83%
Magic:  0/8        EV: 12    Int: 16    God:
Gold:   23         SH:  0    Dex: 14    Spells: 1/7 levels left

rFire    . . .     SeeInvis .   (no weapon)
rCold    . . .     Faith    .   (no shield)
rNeg     . . .     Spirit   .   a - +0 robe
rPois    .         Reflect  .   (helmet restricted)
rElec    .         Harm     .   (no cloak)
rCorr    .         Rampage  .   (no gloves)
Will     .....                  (boots unavailable)
Stlth    ++........             (no amulet)
HPRegen  0.06/turn              (no ring)
MPRegen  0.11/turn              (no ring)

@: lethally poisoned (0 -> -4)
A: beak, talons 3
a: no special abilities


You were on level 2 of the Dungeon.
You visited 1 branch of the dungeon, and saw 3 of its levels.

You collected 23 gold pieces.

Inventory:

Armour
 a - a +0 robe (worn)
Scrolls
 b - a scroll of remove curse {unknown}


   Skills:
 + Level 2.2 Dodging
 + Level 2.0 Stealth
 + Level 2.9 Spellcasting
 + Level 5.7 Summonings


You had one spell level left.
You knew the following spells:

 Your Spells              Type           Power        Failure   Level
a - Summon Small Mammal   Summ           80%          1%          1
b - Call Imp              Summ           20%          2%          2
c - Call Canine Familiar  Summ           20%          5%          3

Your spell library contained the following spells:

 Spells                   Type           Power        Failure   Level
 Summon Guardian Golem    Hex/Summ       11%          17%         3
 Summon Ice Beast         Ice/Summ       11%          50%         4
 Summon Lightning Spire   Summ/Air       11%          50%         4


Dungeon Overview and Level Annotations

Branches:
Dungeon (3/15)

Altars:

Annotations:
D:3 Grinder


Innate Abilities, Weirdness & Mutations

You have a beak for a mouth.
You have claws for feet.


Message History

Your bat barely misses the adder.
The adder bites your quokka.
Your bat hits the adder but does no damage.
The hobgoblin barely misses you. The adder bites your bat.
Your bat dies!
Your bat's corpse disappears in a puff of smoke!
Unknown command.
Unknown command.
Unknown command.
You swap places.
* * * LOW HITPOINT WARNING * * *
You feel sick.
Your hound closely misses the rat.
The hobgoblin barely misses you.
Your quokka bites the rat.
The adder barely misses your quokka. The rat bites your hound.
Your hound dies!
Your hound's corpse disappears in a puff of smoke!
There is a stone staircase leading down here.
You see here an adder corpse.
Unknown command.
The rat closely misses your quokka. Something closely misses your quokka.
You die...

#....# #....#
#....+
#....#####..
#ยง.$........
##S#.#.....
####r.........
#...).........
#.r....###....
#.g..$.# .#.
#@.....# #
#.........
#.......##
#.......#
#.......#
#######.# .#


You could see an adder, a hobgoblin, a rat and a friendly quokka (summoned).

Vanquished Creatures
  An adder (D:2)
  An orc (D:3)
2 creatures vanquished.

Vanquished Creatures (collateral kills)
  An orc priest (D:3)
  2 adders (D:3)
  A worm (D:2)
  A dart slug (D:3)
  A leopard gecko (D:2)
  An orc (D:3)
  5 goblins
  2 hobgoblins (D:3)
  3 jackals (D:1)
  2 kobolds
  8 bats
27 creatures vanquished.

Grand Total: 29 creatures vanquished

Notes
Turn   | Place    | Note
-------+----------+-------------------------------------------
     0 | D:1      | doot the Tengu Summoner began the quest for the Orb.
     0 | D:1      | Reached XP level 1. HP: 10/10 MP: 4/4
   150 | D:1      | Reached skill level 5 in Summonings
   238 | D:2      | Reached XP level 2. HP: 15/15 MP: 3/6
   275 | D:2      | Learned a level 2 spell: Call Imp
   721 | D:3      | Reached XP level 3. HP: 15/19 MP: 3/7
  1018 | D:3      | Noticed Grinder
  1046 | D:3      | Learned a level 3 spell: Call Canine Familiar
  1135 | D:2      | Succumbed to an adder's poison

Illustrated notes

Levels and vault maps discovered:
D:1:      dpeg_arrival_tiny_j, layout_basic
D:2:      layout_basic, old_standard_altar, lemuel_doored_altar,
          chequers_serial_rivers_small_a
D:3:      layout_loops_ring, uniq_grinder, uniq_sigmund

Skill      XL: |  1 |
---------------+----+-----
Summonings     | 5 |  5.7
Dodging        | |  2.2
Stealth        | |  2.0
Spellcasting   | |  2.9

Action                   || total
-------------------------++-------
Melee: Unarmed           ||     7
       Kick              ||     1
 Cast: Summon Small Mamm ||    21
       Call Imp          ||    16
       Call Canine Famil ||     4
Armor: Robe              ||    16
Dodge: Dodged            ||    49
